 Dungeon Crawl Stone Soup version 0.28.0-43-g3370ac3207 (webtiles) character file.

Game seed: 8620409311594767185

5198 croobank the Cleaver (level 10, 0/93 HPs)
             Began as a Hill Orc Fighter on Mar 15, 2022.
             Was a Follower of Beogh.
             Slain by Harold
             ... wielding a +0 scimitar
              (16 damage)
             ... on level 8 of the Dungeon.
             The game lasted 00:31:39 (9815 turns).

croobank the Cleaver (Hill Orc Fighter)             Turns: 9815, Time: 00:31:40

Health: 0/93       AC: 18    Str: 24    XL:     10   Next: 60%
Magic:  12/12      EV:  8    Int:  8    God:    Beogh [*.....]
Gold:   324        SH:  6    Dex: 15    Spells: 9/9 levels left

rFire   x . .      SeeInvis +   a - +0 war axe
rCold   . . .      Faith    .   c - +0 buckler
rNeg    . . .      Spirit   .   o - +3 chain mail
rPois   +          Reflect  .   (no helmet)
rElec   .          Harm     .   (no cloak)
rCorr   .          Rampage  .   D - +0 pair of gloves
Will    +....                   r - +1 pair of boots
Stlth   ..........              g - amulet "Xeyrgh" {Acrobat rF- Dex+5 SInv}
HPRegen 0.25/turn               k - ring of willpower
MPRegen 0.13/turn               u - ring of poison resistance

@: about to teleport, marked, studying Axes
A: no striking features
a: Renounce Religion


You were on level 8 of the Dungeon.
You worshipped Beogh.
Beogh was aware of your devotion.
You visited 1 branch of the dungeon, and saw 9 of its levels.

You collected 324 gold pieces.

Inventory:

Hand Weapons
 a - a +0 war axe (weapon)
 b - a +4 hunting sling
 h - a +0 long sword
 m - a +1 whip of electrocution
 z - a +1 flail of protection
 C - a +2 quarterstaff of pain
 G - a +0 morningstar of flaming
 H - a +0 dagger of chaos
 I - a +0 glaive
 K - a +1 long sword
 L - a +0 great sword
 M - a +4 hand axe
 N - a +2 dagger of venom
Missiles
 e - 236 stones
 i - 23 bolts
 n - 9 atropa-tipped darts (quivered)
 p - 107 arrows
 v - 9 boomerangs
 y - 38 sling bullets
 P - 6 javelins
Armour
 c - a +0 buckler (worn)
 f - a +0 scale mail
 o - a +3 chain mail (worn)
 r - a +1 pair of boots (worn)
 D - a +0 pair of gloves (worn)
 J - a +0 plate armour
Jewellery
 g - the amulet "Xeyrgh" (around neck) {Acrobat rF- Dex+5 SInv}
   (You found it on level 4 of the Dungeon)

   [amulet of the acrobat]

   It increases your evasion while moving and waiting.
   Dex:       It affects your dexterity (+5).
   rF:        It makes you vulnerable to fire.
   SInv:      It lets you see invisible.
 k - a ring of willpower (left hand)
 q - a +4 ring of protection
 u - a ring of poison resistance (right hand)
Wands
 l - a wand of paralysis (6)
 x - a wand of flame (15)
 F - a wand of polymorph (11)
Scrolls
 d - a scroll of holy word
 j - 3 scrolls of amnesia
 s - 3 scrolls of magic mapping
 w - a scroll of teleportation
Potions
 t - 2 potions of mutation
 A - a potion of degeneration


   Skills:
 + Level 9.8 Fighting
 + Level 10.5 Axes
 + Level 9.0 Armour
 + Level 9.0 Shields
 + Level 3.5 Invocations


You had 9 spell levels left.
You didn't know any spells.
Your spell library contained the following spells:

 Spells                   Type           Power      Damage    Failure   Level
 Beastly Appendage        Tmut           0%         N/A       96%         1
 Ensorcelled Hibernation  Hex/Ice        0%         N/A       99%         2
 Sublimation of Blood     Necr           0%         N/A       99%         2
 Wereblood                Tmut           0%         N/A       99%         2
 Gell's Gravitas          Tloc           0%         N/A       100%        3
 Spider Form              Tmut/Pois      0%         N/A       100%        3
 Teleport Other           Tloc           0%         N/A       100%        3
 Anguish                  Hex/Necr       0%         N/A       100%        4
 Animate Dead             Necr           0%         N/A       100%        4
 Dispersal                Tloc           0%         N/A       100%        6
 Haunt                    Necr/Summ      0%         N/A       100%        7
 Summon Hydra             Summ           0%         N/A       100%        7
 Infestation              Necr           0%         N/A       100%        8


Dungeon Overview and Level Annotations

Branches:
Dungeon (9/15)             Temple (0/1) D:5
   Lair: D:8-11         Orc: D:9-12

Altars:
Cheibriados
Dithmenos
Gozag
Ru
The Shining One

Annotations:
D:8 Grum, Harold


Message History

Harold completely misses you.
You hit Harold.
Harold is severely wounded.
You block Harold's attack.
You slash Harold!
Harold is severely wounded.
Harold hits you with a +0 scimitar.
* * * LOW HITPOINT WARNING * * *
You feel better. Harold hits you but does no damage.
You hit Harold but do no damage.
Harold is severely wounded.
Harold casts a spell at you. A sentinel's mark forms upon you.
You hit Harold but do no damage.
Harold is severely wounded.
Harold hits you but does no damage.
You hit Harold.
Harold is severely wounded.
Harold hits you but does no damage.
You slash Harold!
Harold is almost dead.
Harold points at you and mumbles some strange words.
The mark upon you grows brighter.
You hit Harold but do no damage.
Harold is almost dead.
You block Harold's attack.
You hit Harold but do no damage.
Harold is almost dead.
Harold hits you with a +0 scimitar.
* * * LOW HITPOINT WARNING * * *
You hit Harold but do no damage.
Harold is almost dead.
Your hearing returns.
Grum is no longer paralysed.
Harold hits you with a +0 scimitar.
* * * LOW HITPOINT WARNING * * *
Grum hits you from afar with a -1 vorpal spear.
* * * LOW HITPOINT WARNING * * *
x2
As you read the scroll of teleportation, it crumbles to dust.
You feel strangely unstable. Harold hits you with a +0 scimitar!
You die...

#... #..... #.....
....... ##..... ........
...... .......... .....
.......... #...
......... #.g## ........
#..@# ......# #†@#
.....# #..# ....## #..##
....## ###..# ###
♣♣...#########....####.#
♣≈♣................##.##
≈≈≈≈..................#
≈≈≈≈♣........####.##.##
≈≈≈≈≈♣.....### #####.#


You could see Harold and Grum.

Vanquished Creatures
  Pikel (D:7)
  Joseph (D:7)
  An unseen horror (D:8)
  Maggie (D:8)
  Psyche (D:8)
  2 wyverns
  A water moccasin (D:7)
  A sky beast (D:7)
  An ice beast (D:7)
  A black bear (D:4)
  A hornet zombie (D:7)
  An orc warrior (D:8)
  6 centaurs
  2 wolves (D:8)
  2 ogres (D:6)
  A phantom (D:4)
  2 lemures (D:7)
  A kobold brigand (D:8)
  A bullfrog (D:6)
  A wyvern skeleton (D:5)
  A scorpion (D:5)
  4 killer bees
  10 wights
  2 howler monkeys
  2 electric eels (D:8)
  A bullfrog zombie (D:6)
  2 centaur zombies (D:6)
  2 hounds
  A jelly (D:6)
  2 iguanas
  An iron imp (D:4)
  2 orc priests
  A bullfrog skeleton (D:6)
  2 gnoll shamans
  5 orc wizards
  2 killer bee zombies (D:8)
  A hound skeleton (D:4)
  2 howler monkey zombies
  11 gnolls
  4 adders
  An ufetubus (D:7)
  An adder skeleton (D:5)
  A worm (D:2)
  4 dart slugs
  18 orcs
  8 bats
  4 endoplasms
  4 giant cockroaches
  11 goblins
  10 hobgoblins
  3 jackals (D:1)
  3 quokkas
  6 ball pythons
  5 frilled lizards
  10 kobolds
  8 rats
184 creatures vanquished.

Vanquished Creatures (others)
  An orc priest (D:8)
  An orc wizard (D:8)
  An orc (D:8)
  3 fungi (D:1)
  60 plants
66 creatures vanquished.

Grand Total: 250 creatures vanquished

Notes
Turn   | Place    | Note
-------+----------+-------------------------------------------
     0 | D:1      | croobank the Hill Orc Fighter began the quest for the Orb.
     0 | D:1      | Reached XP level 1. HP: 19/19 MP: 1/1
   217 | D:1      | Reached skill level 3 in Axes
   217 | D:1      | Reached XP level 2. HP: 24/27 MP: 2/2
   345 | D:1      | Reached XP level 3. HP: 31/33 MP: 3/3
   592 | D:1      | Found a faded altar of an unknown god.
  1094 | D:2      | Reached XP level 4. HP: 40/40 MP: 4/4
  1414 | D:2      | Reached skill level 4 in Axes
  1415 | D:2      | Reached XP level 5. HP: 17/47 MP: 5/5
  1942 | D:2      | Found a shadowy altar of Dithmenos.
  2596 | D:4      | Found an opulent altar of Gozag.
  2670 | D:4      | Found a snail-covered altar of Cheibriados.
  2680 | D:4      | Reached XP level 6. HP: 50/55 MP: 6/6
  2730 | D:4      | Noticed a black bear
  2738 | D:4      | Killed a black bear
  2739 | D:4      | Reached skill level 5 in Fighting
  2745 | D:4      | Reached skill level 5 in Axes
  2765 | D:4      | Reached skill level 5 in Armour
  2765 | D:4      | Reached skill level 5 in Shields
  2767 | D:4      | Reached XP level 7. HP: 37/61 MP: 7/7
  2915 | D:4      | You fall into a shaft and drop 2 floors!
  2923 | D:5      | Entered Level 5 of the Dungeon
  3194 | D:5      | Found a staircase to the Ecumenical Temple.
  4157 | D:3      | Reached skill level 6 in Axes
  4170 | D:3      | HP: 3/63 [poisoned by a killer bee]
  4695 | D:4      | Identified the amulet "Xeyrgh" {Acrobat rF- Dex+5 SInv}
  4761 | D:4      | Reached XP level 8. HP: 51/70 MP: 8/8
  5521 | D:5      | Found a glowing golden altar of the Shining One.
  5521 | D:5      | Found a sacrificial altar of Ru.
  6062 | D:6      | Reached skill level 7 in Axes
  6587 | D:7      | Noticed Joseph
  6597 | D:7      | Killed Joseph
  6598 | D:7      | Reached skill level 8 in Axes
  6598 | D:7      | Reached XP level 9. HP: 43/80 MP: 9/9
  7016 | D:7      | Noticed Pikel
  7042 | D:7      | Killed Pikel
  7551 | D:7      | Reached skill level 9 in Axes
  8021 | D:8      | Noticed Maggie
  8033 | D:8      | Killed Maggie
  8034 | D:8      | Reached XP level 10. HP: 91/91 MP: 10/10
  8055 | D:8      | Noticed Psyche
  8068 | D:8      | Killed Psyche
  8069 | D:8      | Reached skill level 1 in Invocations
  8107 | D:8      | Became a worshipper of Beogh the Brigand
  8114 | D:8      | Noticed an unseen horror
  9078 | D:8      | Killed an unseen horror
  9079 | D:8      | Reached skill level 10 in Axes
  9157 | D:8      | Reached * piety under Beogh
  9781 | D:8      | Noticed Harold
  9798 | D:8      | Noticed Grum
  9815 | D:8      | Slain by Harold

Illustrated notes

Levels and vault maps discovered:
D:1:      dpeg_arrival_rooms_with_view, layout_loops_cross,
          shapermc_ecumenical_altar_mp_urbaneastern
D:2:      layout_loops_ring, basic_altar
D:3:      layout_rooms
D:4:      layout_rooms, slow_altar_1, nicolae_gozag_seed_capital,
          kennysheep_small_spiral
D:5:      layout_cave_pods, gammafunk_temple_overflow_elements,
          minmay_temple_entry_purple_smoke, minmay_crystal_room,
          nicolae_grassy_gnolls
D:6:      layout_rooms, minmay_starry_boxes
D:7:      layout_basic, uniq_joseph, uniq_pikel
D:8:      layout_layer_cave, serial_bayou, serial_bayou_lake_a,
          serial_bayou_pond_e, serial_bayou_lagoon_b, serial_bayou_pond_b,
          minmay_manual_moon, uniq_psyche, uniq_maggie, uniq_harold, uniq_grum
D:9:      layout_loops_ring, erik_lair_dragon

Skill      XL: |  1  2  3  4  5  6  7  8  9 10 |
---------------+-------------------------------+-----
Axes           | 3 4 5 6 8 9 10 | 10.5
Fighting       | 4 5 6 7 9 |  9.8
Armour         | 4 5 7 8 9 |  9.0
Shields        | 4 5 7 8 9 |  9.0
Invocations    | 3 |  3.5

Action                   |  1- 3 |  4- 6 |  7- 9 | 10-12 || total
-------------------------+-------+-------+-------+-------++-------
Melee: War axe           |   110 |   156 |   317 |   160 ||   743
 Fire: Hunting sling     |       |       |     3 |       ||     3
Throw: Dart              |       |       |     7 |     3 ||    10
Invok: Convert to Beogh  |       |       |       |     1 ||     1
Evoke: Wand              |       |       |     8 |     1 ||     9
  Use: Potion            |       |     1 |     6 |     2 ||     9
       Scroll            |       |     2 |    15 |     5 ||    22
 Stab: Paralysed         |       |       |     4 |       ||     4
       Invisible         |       |       |       |     4 ||     4
Armor: Scale mail        |    40 |    93 |    25 |       ||   158
       Chain mail        |       |       |   222 |    89 ||   311
Dodge: Dodged            |    43 |    77 |   166 |    95 ||   381
Block: Buckler           |    29 |    36 |   106 |    67 ||   238
